 Dungeon Sprint DCSS version 0.29.1-4-g47bece8355 (webtiles) character file.

Game seed: 9673500618382050464

19600000 raph the Axe Maniac (level 27, -2/228 HPs)
             Began as a Djinni Warper on Dec 1, 2022.
             Was the Champion of Makhleb.
             Slain by a bag of meat
             ... wielding a +9 war axe
              (14 damage)
             ... in the Dungeon (Sprint VIII: "Arena of Blood").
             The game lasted 00:05:24 (196 turns).

raph the Axe Maniac (Djinni Warper)                  Turns: 196, Time: 00:05:25

Health: -2/228     AC:  6    Str: 16    XL:     27
Gold:   0          EV: 31    Int: 17    God:    Makhleb [******] SH:  0 Dex: 19

rFire   + + .      SeeInvis +   h - +∞ Axe of Woe
rCold   x . .      Faith    .   (shield currently unavailable)
rNeg    . . .      Spirit   .   a - +0 leather armour
rPois   ∞          Reflect  .   (no helmet)
rElec   .          Harm     .   (no cloak)
rCorr   .          Rampage  .   (no gloves)
Will    ++...      NoTele   +   (boots unavailable)
Stlth   ++++++++++              (no amulet)
HPRegen 0.48/turn               i - ring of see invisible
MPRegen 0.00/turn               f - +200 ring of slaying

@: in a vortex, flying, slowed, very slow
A: sickness immunity, fire resistance 2, cold vulnerability 1, float, innate
caster, HP casting, extra vitality 1
a: Renounce Religion, Minor Destruction, Lesser Servant of Makhleb, Major
Destruction, Greater Servant of Makhleb


You were in the Dungeon.
You worshipped Makhleb.
Makhleb was exalted by your worship.
You visited 1 branch

Inventory:

Hand Weapons
 h - the +∞ Axe of Woe (weapon)
   (You found it in the Dungeon)
Missiles
 c - 6 boomerangs of dispersal (quivered)
Armour
 a - a +0 leather armour (worn)
Jewellery
 f - a +200 ring of slaying (right hand)
 i - a ring of see invisible (left hand)
 j - a +30 ring of slaying
Scrolls
 b - 2 scrolls of blinking
Potions
 d - a potion of curing
 e - a potion of heal wounds
 g - a potion of berserk rage


   Skills:
 O Level 27 Fighting
 O Level 27 Short Blades
 O Level 27 Long Blades
 O Level 27 Axes
 O Level 27 Maces & Flails
 O Level 27 Polearms
 O Level 27 Staves
 O Level 27 Ranged Weapons
 O Level 27 Throwing
 O Level 27 Armour
 O Level 27 Dodging
 O Level 27 Stealth
 O Level 27 Shields
 O Level 27 Unarmed Combat
 O Level 27 Spellcasting
 O Level 27 Invocations
 O Level 27 Evocations


You couldn't memorise any spells.
You knew the following spells:

 Your Spells              Type           Power      Damage    Failure   Level
a - Blink                 Tloc           100%       N/A       0%          2
b - Lesser Beckoning      Tloc           86%        N/A       0%          3
c - Gell's Gravitas       Tloc           86%        N/A       0%          3
d - Teleport Other        Tloc           86%        N/A       0%          3
e - Manifold Assault      Tloc           86%        N/A       0%          5
f - Freeze                Ice            100%       1d11      0%          1
g - Static Discharge      Conj/Air       86%        3-14/arc  0%          2
h - Mephitic Cloud        Conj/Pois/Air  86%        N/A       0%          3
i - Summon Lightning Spi  Summ/Air       86%        N/A       0%          4
j - Hailstorm             Conj/Ice       86%        3d17      0%          4
k - Freezing Cloud        Conj/Ice/Air   43%        6-21      0%          5
l - Eringya's Noxious Bo  Tmut/Pois      43%        N/A       0%          6
m - Haunt                 Necr/Summ      43%        N/A       1%          7
n - Simulacrum            Ice/Necr       43%        N/A       0%          6
o - Enfeeble              Hex            43%        N/A       1%          7
p - Malign Gateway        Summ/Tloc      43%        N/A       1%          7
q - Infestation           Necr           43%        N/A       1%          8
r - Polar Vortex          Ice            43%        N/A       2%          9
Your spell library was empty.

Dungeon Overview and Level Annotations

Branches:
Dungeon (1/1)

Altars:
Makhleb


Innate Abilities, Weirdness & Mutations

You are immune to sickness and miasma.
You are immune to poison.
Your flesh is very heat resistant. (rF++)
You are vulnerable to cold. (rC-)
You float through the air rather than walking.
You learn spells naturally, not from books.
Your magical power is your life essence.
You have superior vitality. (+4 MHP)


Message History

Something smites you!
You hear a shout!
The destroyer points at you and mumbles some strange words.
The destroyer blinks!
The eight-headed meat hydra roars!
Casting: Manifold Assault (safe; 0% risk of failure)
Confirm with . or Enter, or press ? or * to list all spells.
A great freezing vortex appears around you.
* * * LOW HITPOINT WARNING * * *
You hear a shout!
You hear a roar!
You hear a shout! x3
The scourge is engulfed in blazing flames.
The destroyer points at you and mumbles some strange words.
The destroyer blinks!
The observer gazes at you. Something smites you!
* * * LOW HITPOINT WARNING * * *
A scourge comes into view.
You hear a shout! x2
A meat beast comes into view.
You hear a shout!
An eight-headed meat hydra comes into view.
You hear a shout!
The fleshlord casts a spell.
The fleshlord seems to speed up.
The accursed casts a spell at you. Something smites you!
* * * LOW HITPOINT WARNING * * *
The eight-headed meat hydra calls on the powers of darkness!
The eight-headed meat hydra convulses!
Your body is wracked with pain!
* * * LOW HITPOINT WARNING * * *
The bag of meat convulses! x5; The meat berserker convulses!
The bag of meat convulses!
The scourge convulses!
The fleshlord convulses!
The bag of meat convulses! x3; The scourge convulses!
The scourge hisses angrily.
The dread hits you!
* * * LOW HITPOINT WARNING * * *
The dread drains your vigour!
You feel as though you will be slow longer.
The bag of meat hits you with a +9 war axe!
You die...

#..... .)#... #.....
##).)#.G.
#...).###§§○○..#W.
#....#..))○)○)°ooD
#........#○)oMS..2 .. .
#.....)§)§#..oOoo. #.. ..
#...).))o§§§§#o... #.. ..
#.....V.§o#W§o...###... ..
#...)#..Vo@°°.........###..
#†.).##.§§§§§.#..D....._...
#..)..#.§§§§#.......#.....#
#=.....###W..§.))...#_)<._#
#...).##..))#))))...#..)).#
#...)#...)W.))#)..)...)_.).
#...)#O..)).p...))....###..
#...))))))..)S)).###..))°..
#...)†...).)...)...#.))))○.


You could see an accursed, a meat beast (wandering, fast), 2 eight-headed meat
hydras, 2 destroyers, an observer (fast, invisible), 2 scourges, a fleshlord
(fast), 2 dreads, a meat berserker (berserk), 2 wretched souls and 11 bags of
meat.

Vanquished Creatures
  22 hell knights (D)
  Sigmund (D)
  14 hell beasts (D)
  Edmund (D)
  13 royal mummies (D)
  15 great orbs of eyes (D)
  8 wraiths (D)
  Harold (D)
  16 vampire knights (D)
  49 ogres (D)
  12 two-headed ogres (D)
  3 liches (D)
  12 hydras (D)
  6 phantoms (D)
  87 orcs (D)
  8 skeletal warriors (D)
  10 sea snakes (D)
278 creatures vanquished.

Vanquished Creatures (others)
  An orc (D)
1 creature vanquished.

Grand Total: 279 creatures vanquished

Notes
Turn   | Place    | Note
-------+----------+-------------------------------------------
     0 | D        | Found the +∞ Axe of Woe
     0 | D        | raph the Djinni Warper began the quest for the Orb.
     0 | D        | raph set off with the following spells memorised: Blink,
                  | Lesser Beckoning, Gell's Gravitas, Teleport Other, Manifold
                  | Assault.
     0 | D        | Reached XP level 1. HP: 18/18 MP: 0/0
     0 | D        | Noticed a bag of meat
     0 | D        | Noticed a meat berserker
     2 | D        | Noticed a bag of meat
     3 | D        | Noticed a meat berserker
     4 | D        | Became a worshipper of Makhleb the Destroyer
     4 | D        | Noticed a bag of meat
     6 | D        | Killed a meat berserker
     6 | D        | Killed a meat berserker
     6 | D        | Reached * piety under Makhleb
     6 | D        | Noticed a bag of meat
     7 | D        | Reached skill level 27 in Axes
     7 | D        | Reached skill level 5 in Fighting
     7 | D        | Reached XP level 2. HP: 28/28 MP: 0/0
     7 | D        | Reached XP level 3. HP: 33/33 MP: 0/0
     7 | D        | Learned a level 1 spell: Freeze
     7 | D        | Reached XP level 4. HP: 39/39 MP: 0/0
     7 | D        | Reached XP level 5. HP: 43/43 MP: 0/0
     7 | D        | Learned a level 2 spell: Static Discharge
     7 | D        | Reached XP level 6. HP: 49/49 MP: 0/0
     7 | D        | Reached XP level 7. HP: 54/54 MP: 0/0
     7 | D        | Learned a level 3 spell: Mephitic Cloud
     7 | D        | Reached XP level 8. HP: 60/60 MP: 0/0
     7 | D        | Reached XP level 9. HP: 65/65 MP: 0/0
     7 | D        | Learned a level 4 spell: Summon Lightning Spire
     7 | D        | Reached XP level 10. HP: 70/70 MP: 0/0
     7 | D        | Reached XP level 11. HP: 76/76 MP: 0/0
     7 | D        | Learned a level 4 spell: Hailstorm
     7 | D        | Reached XP level 12. HP: 81/81 MP: 0/0
     7 | D        | Reached XP level 13. HP: 86/86 MP: 0/0
     7 | D        | Learned a level 5 spell: Freezing Cloud
     7 | D        | Killed a bag of meat
     8 | D        | Reached XP level 14. HP: 101/101 MP: 0/0
     8 | D        | Killed a bag of meat
     9 | D        | Noticed a bag of meat
    10 | D        | Killed a bag of meat
    10 | D        | Reached ** piety under Makhleb
    10 | D        | Killed a bag of meat
    10 | D        | Killed a bag of meat
    10 | D        | Noticed a bag of meat
    11 | D        | Reached skill level 15 in Fighting
    11 | D        | Reached XP level 15. HP: 120/120 MP: 0/0
    11 | D        | Learned a level 6 spell: Eringya's Noxious Bog
    11 | D        | Noticed a meat berserker
    12 | D        | Noticed a large bag of meat
    12 | D        | Noticed a meat berserker
    13 | D        | Noticed a meat berserker
    14 | D        | Noticed a meat berserker
    15 | D        | Reached *** piety under Makhleb
    15 | D        | Noticed a meat berserker
    16 | D        | Killed a meat berserker
    16 | D        | Noticed a meat berserker
    17 | D        | Reached XP level 16. HP: 134/134 MP: 0/0
    17 | D        | Killed a meat berserker
    18 | D        | Reached **** piety under Makhleb
    18 | D        | Noticed a large bag of meat
    19 | D        | Reached XP level 17. HP: 148/148 MP: 0/0
    19 | D        | Learned a level 7 spell: Haunt
    20 | D        | Killed a meat berserker
    21 | D        | Killed a meat berserker
    21 | D        | Reached ***** piety under Makhleb
    22 | D        | Reached skill level 27 in Dodging
    22 | D        | Reached XP level 18. HP: 166/166 MP: 0/0
    22 | D        | Noticed a destroyer
    23 | D        | Noticed a destroyer
    23 | D        | Killed a large bag of meat
    24 | D        | Reached skill level 27 in Fighting
    24 | D        | Reached XP level 19. HP: 161/174 MP: 0/0
    24 | D        | Learned a level 6 spell: Simulacrum
    24 | D        | Killed a meat berserker
    25 | D        | Reached skill level 27 in Spellcasting
    25 | D        | Killed a meat berserker
    25 | D        | Reached ****** piety under Makhleb
    25 | D        | Killed a large bag of meat
    26 | D        | Reached skill level 15 in Armour
    26 | D        | Reached skill level 15 in Invocations
    26 | D        | Reached XP level 20. HP: 169/181 MP: 0/0
    27 | D        | Killed a destroyer
    28 | D        | Noticed a large bag of meat
    28 | D        | Noticed a large bag of meat
    28 | D        | Noticed a meat berserker
    29 | D        | Noticed The Servant
    29 | D        | Noticed a destroyer
    31 | D        | Noticed a destroyer
    32 | D        | Killed a destroyer
    32 | D        | Killed a destroyer
    33 | D        | Reached XP level 21. HP: 187/187 MP: 0/0
    33 | D        | Learned a level 7 spell: Enfeeble
    33 | D        | Noticed a large bag of meat
    34 | D        | Killed The Servant
    34 | D        | Killed a large bag of meat
    35 | D        | Reached skill level 27 in Armour
    35 | D        | Reached skill level 27 in Stealth
    35 | D        | Reached skill level 27 in Invocations
    35 | D        | Reached XP level 22. HP: 72/194 MP: 0/0
    35 | D        | Killed a meat berserker
    35 | D        | Noticed a large bag of meat
    36 | D        | Killed a destroyer
    37 | D        | Killed a large bag of meat
    39 | D        | Noticed a meat berserker
    40 | D        | Noticed a destroyer
    41 | D        | Killed a large bag of meat
    42 | D        | Reached skill level 15 in Maces & Flails
    42 | D        | Reached skill level 15 in Polearms
    42 | D        | Reached skill level 15 in Throwing
    42 | D        | Reached XP level 23. HP: 143/201 MP: 0/0
    42 | D        | Learned a level 7 spell: Malign Gateway
    43 | D        | Killed a destroyer
    47 | D        | Noticed an accursed
    49 | D        | Killed an accursed
    49 | D        | Killed a large bag of meat
    50 | D        | Reached XP level 24. HP: 106/208 MP: 0/0
    55 | D        | Noticed an accursed
    59 | D        | Killed an accursed
    59 | D        | Noticed an accursed
    60 | D        | Reached skill level 27 in Unarmed Combat
    60 | D        | Reached XP level 25. HP: 117/214 MP: 0/0
    60 | D        | Learned a level 8 spell: Infestation
    60 | D        | Killed an accursed
    63 | D        | Reached skill level 27 in Throwing
    64 | D        | Reached skill level 27 in Maces & Flails
    64 | D        | Reached skill level 27 in Polearms
    64 | D        | Reached skill level 5 in Short Blades
    64 | D        | Reached skill level 5 in Long Blades
    64 | D        | Reached skill level 5 in Staves
    64 | D        | Reached skill level 5 in Ranged Weapons
    66 | D        | Noticed a dread
    66 | D        | Noticed a dread
    67 | D        | Killed a dread
    67 | D        | Killed a dread
    68 | D        | Reached XP level 26. HP: 200/221 MP: 0/0
    68 | D        | Noticed a dread
    69 | D        | Killed a dread
    70 | D        | Reached skill level 15 in Staves
    71 | D        | Noticed a meat beast
    72 | D        | Killed a meat beast
    73 | D        | Reached XP level 27. HP: 228/228 MP: 0/0
    73 | D        | Learned a level 9 spell: Polar Vortex
    74 | D        | Noticed an accursed
    75 | D        | Killed an accursed
    75 | D        | Noticed a meat beast
    76 | D        | Noticed a dread
    76 | D        | Noticed an accursed
    76 | D        | Noticed a dread
    77 | D        | Killed a meat beast
    77 | D        | Killed a dread
    78 | D        | Reached skill level 27 in Shields
    78 | D        | Reached skill level 27 in Evocations
    78 | D        | Killed a dread
    78 | D        | Noticed a meat beast
    79 | D        | Reached skill level 27 in Short Blades
    79 | D        | Reached skill level 27 in Long Blades
    79 | D        | Reached skill level 27 in Staves
    79 | D        | Reached skill level 27 in Ranged Weapons
    79 | D        | Killed an accursed
    80 | D        | Killed a meat beast
    81 | D        | Noticed a destroyer
    82 | D        | Killed a destroyer
    85 | D        | Noticed a meat beast
    86 | D        | Killed a meat beast
    86 | D        | Noticed a meat beast
    87 | D        | Noticed a meat beast
    87 | D        | Killed a meat beast
    87 | D        | Killed a meat beast
    95 | D        | Noticed a destroyer
    95 | D        | Noticed The Captor
    95 | D        | Noticed a meat beast
    95 | D        | Noticed an accursed
    96 | D        | Noticed a destroyer
    97 | D        | Killed an accursed
    98 | D        | Noticed a large bag of meat
    98 | D        | Killed a large bag of meat
    98 | D        | Killed a destroyer
    98 | D        | Noticed an accursed
    99 | D        | Killed a meat beast
   100 | D        | Noticed an accursed
   100 | D        | Killed The Captor
   100 | D        | Killed an accursed
   100 | D        | Killed an accursed
   101 | D        | Noticed an accursed
   101 | D        | Killed a destroyer
   101 | D        | Noticed a meat beast
   102 | D        | Killed an accursed
   102 | D        | Noticed a large bag of meat
   103 | D        | Noticed an accursed
   103 | D        | Killed a meat beast
   103 | D        | Noticed a tyrant
   104 | D        | Killed an accursed
   104 | D        | Killed a large bag of meat
   106 | D        | Killed a tyrant
   106 | D        | Noticed a tyrant
   108 | D        | Noticed a meat beast
   109 | D        | Killed a meat beast
   109 | D        | Noticed an accursed
   110 | D        | Killed an accursed
   110 | D        | Killed a tyrant
   110 | D        | Noticed a meat beast
   111 | D        | Noticed a tyrant
   112 | D        | Killed a meat beast
   112 | D        | Killed a tyrant
   113 | D        | Noticed an accursed
   114 | D        | Killed an accursed
   116 | D        | Noticed a destroyer
   118 | D        | Killed a destroyer
   118 | D        | Noticed a dread
   119 | D        | Killed a dread
   119 | D        | Noticed a meat beast
   119 | D        | Noticed a destroyer
   120 | D        | Noticed a fleshlord
   120 | D        | Killed a meat beast
   120 | D        | Killed a destroyer
   120 | D        | Killed a fleshlord
   123 | D        | Noticed a fleshlord
   125 | D        | Noticed a fleshlord
   126 | D        | Noticed a fleshlord
   126 | D        | Killed a fleshlord
   126 | D        | Killed a fleshlord
   126 | D        | Killed a fleshlord
   126 | D        | Noticed a fleshlord
   127 | D        | Killed a fleshlord
   128 | D        | Noticed a fleshlord
   128 | D        | Noticed a fleshlord
   129 | D        | Noticed a fleshlord
   129 | D        | Killed a fleshlord
   129 | D        | Killed a fleshlord
   130 | D        | Killed a fleshlord
   131 | D        | Noticed a destroyer
   131 | D        | Noticed The Defiler
   132 | D        | Killed a destroyer
   132 | D        | Killed The Defiler
   132 | D        | Noticed a fleshlord
   132 | D        | Noticed a fleshlord
   133 | D        | Killed a fleshlord
   133 | D        | Killed a fleshlord
   134 | D        | Noticed a destroyer
   134 | D        | Killed a destroyer
   136 | D        | Noticed a fleshlord
   136 | D        | Noticed a dread
   136 | D        | Noticed an accursed
   137 | D        | Killed an accursed
   137 | D        | Killed a fleshlord
   137 | D        | Killed a dread
   138 | D        | Noticed a fleshlord
   138 | D        | Noticed a fleshlord
   139 | D        | Killed a fleshlord
   139 | D        | Killed a fleshlord
   140 | D        | Noticed a fleshlord
   141 | D        | Killed a fleshlord
   146 | D        | Noticed a meat beast
   146 | D        | Killed a meat beast
   149 | D        | Noticed a destroyer
   150 | D        | Noticed a meat beast
   151 | D        | Killed a destroyer
   153 | D        | Killed a meat beast
   155 | D        | Noticed a fleshlord
   156 | D        | Noticed a fleshlord
   156 | D        | Killed a fleshlord
   156 | D        | Killed a fleshlord
   162 | D        | Noticed a fleshlord
   163 | D        | Killed a fleshlord
   165 | D        | Noticed a dread
   166 | D        | Killed a dread
   166 | D        | Noticed a meat beast
   167 | D        | Noticed a large bag of meat
   169 | D        | Noticed a destroyer
   170 | D        | Killed a meat beast
   171 | D        | Killed a large bag of meat
   171 | D        | Noticed a large bag of meat
   172 | D        | Killed a destroyer
   172 | D        | Killed a large bag of meat
   172 | D        | Noticed a large bag of meat
   177 | D        | Noticed a fleshlord
   177 | D        | Killed a fleshlord
   178 | D        | Noticed a fleshlord
   179 | D        | Killed a large bag of meat
   180 | D        | Killed a fleshlord
   180 | D        | Noticed a fleshlord
   180 | D        | Noticed a large bag of meat
   180 | D        | Noticed a destroyer
   181 | D        | Killed a large bag of meat
   181 | D        | Killed a destroyer
   181 | D        | Killed a fleshlord
   182 | D        | Noticed a fleshlord
   183 | D        | Killed a fleshlord
   185 | D        | Noticed a destroyer
   186 | D        | Noticed a fleshlord
   186 | D        | Noticed an accursed
   186 | D        | Noticed a destroyer
   188 | D        | Killed a fleshlord
   188 | D        | Noticed a dread
   191 | D        | Noticed a destroyer
   192 | D        | Killed a destroyer
   193 | D        | Noticed a fleshlord
   195 | D        | Noticed a dread
   196 | D        | Noticed a meat beast
   196 | D        | Slain by a bag of meat

Illustrated notes

Levels and vault maps discovered:
D:        meatsprint

Skill      XL: |  1  2  3  4  5  6  7  8  9 10 11 12 13 14 15 16 17 18 19 20 21 22 23 24 25 26 27 |
---------------+----------------------------------------------------------------------------------+-----
Axes           | 27 | 27.0
Fighting       | 5 9 15 18 21 26 27 | 27.0
Dodging        | 6 9 16 20 23 27 | 27.0
Spellcasting   | 4 7 12 14 17 21 26 27 | 27.0
Armour         | 15 26 27 | 27.0
Stealth        | 14 24 27 | 27.0
Invocations    | 15 25 27 | 27.0
Maces & Flails | 7 15 21 24 27 | 27.0
Polearms       | 7 15 21 24 27 | 27.0
Throwing       | 7 15 21 24 27 | 27.0
Unarmed Combat | 8 18 24 27 | 27.0
Short Blades   | 12 19 27 | 27.0
Long Blades    | 12 19 27 | 27.0
Staves         | 12 19 27 | 27.0
Ranged Weapons | 11 17 27 | 27.0
Shields        | 14 20 27 | 27.0
Evocations     | 13 20 27 | 27.0

Action                   |  1- 3 |  4- 6 |  7- 9 | 10-12 | 13-15 | 16-18 | 19-21 | 22-24 | 25-27 || total
-------------------------+-------+-------+-------+-------+-------+-------+-------+-------+-------++-------
Melee: Executioner's axe |     1 |       |       |       |     7 |     5 |     8 |    13 |   228 ||   262
Throw: Boomerang         |       |       |       |       |       |       |       |     1 |       ||     1
 Cast: Manifold Assault  |       |       |       |       |     1 |       |       |     2 |    83 ||    86
       Eringya's Noxious |       |       |       |       |     1 |       |       |       |       ||     1
       Summon Lightning  |       |       |       |       |       |       |       |     1 |     1 ||     2
       Polar Vortex      |       |       |       |       |       |       |       |       |     1 ||     1
       Infestation       |       |       |       |       |       |       |       |       |     1 ||     1
  Use: Potion            |       |       |       |       |       |     1 |       |       |       ||     1
Armor: Leather armour    |       |       |       |       |       |       |       |       |     1 ||     1
Dodge: Dodged            |       |       |       |       |       |       |     1 |       |     4 ||     5
